 Dungeon Crawl Stone Soup version 0.31.0-9-g3a7656b989 (webtiles) character file.

Game seed: 3138632843904083390

11 qw the Shooter (level 2, 0/14 HPs)
             Began as a Spriggan Hunter on Feb 2, 2024.
             Succumbed to their own poison gas
             ... on level 1 of the Dungeon.
             The game lasted 00:00:01 (400 turns).

qw the Shooter (Spriggan Hunter)                     Turns: 400, Time: 00:00:01

Health: 0/14       AC:  2    Str:  7    XL:     2   Next: 13%
Magic:  3/3        EV: 19    Int: 10    God:
Gold:   47         SH:  0    Dex: 18    Spells: 1/1 levels left

rFire   . . .        a - +0 shortbow
rCold   . . .        (shield currently unavailable)
rNeg    . . .        c - +0 robe
rPois   .            (helmet restricted)
rElec   .            (no cloak)
rCorr   .            (gloves unavailable)
SInv    +            (boots unavailable)
Will    .....        (no amulet)
Stlth   ++           (no ring)
HPRegen 0.22/turn    (no ring)
MPRegen 0.08/turn

%: no passive effects
@: lethally poisoned (0 -> -14), very quick
A: very small, no large weapons, unfitting armour, see invisible, speed 3
a: no special abilities


You were on level 1 of the Dungeon.
You visited 1 branch of the dungeon, and saw 1 of its levels.

You collected 47 gold pieces.


Innate Abilities, Weirdness & Mutations

You are very small and have problems with some larger weapons.
You are too small for most types of armour.
You have supernaturally acute eyesight. (SInv)
You cover ground extremely quickly. (Speed+++)


   Skills:
 - Level 1.5 Fighting
 - Level 4.0 Ranged Weapons
 + Level 3.9 Dodging
 - Level 1.5 Stealth


You had one spell level left.
You didn't know any spells.
Your spell library was empty.

Inventory:

Hand Weapons
 a - a +0 shortbow (weapon)
Armour
 c - a +0 robe (worn)

Dungeon Overview and Level Annotations

Branches:
Dungeon (1/15)

Altars:


Message History

Sorry, I don't know how to get there.
Enter note:
Enter note:
Enter note:
Enter note:
Enter note:
Enter note:
Enter note:
Enter note:
Enter note:
Enter note:
Enter note:
Enter note: You are engulfed in poison gas.
You are lethally poisoned!
You feel very sick.
393 ||| Stepping ~*~*~tactically~*~*~ (cloud).
You feel sick.
Things that are here:
a potion of ambrosia; a scroll of butterflies
394 ||| DRINKING 2 potions of curing.
You feel better.
394 ||| (to cure poison)
You are engulfed in poison gas.
You are poisoned.
You feel sick.
396 ||| Stepping ~*~*~tactically~*~*~ (cloud).
You feel sick.
Things that are here:
a potion of ambrosia; a scroll of butterflies
397 ||| DRINKING potion of curing.
You feel better.
397 ||| (to cure poison)
You are engulfed in poison gas.
You are lethally poisoned!
You feel very sick.
399 ||| Stepping ~*~*~tactically~*~*~ (cloud).
You feel very sick.
Things that are here:
a potion of ambrosia; a scroll of butterflies
There is a lethal amount of poison in your body!
You die...

............................>#
............}..00............#
...........}.}..0............#
...............0¤...........##
...(...........00.###......##
..##.#.#########0## #.######
...#.#.#########0####0#
...#......000¤00¤0¤000#
...#######...#.#@###### ...#
##..#0¤¤..# ...# ####0¤...#
..## #.¤¤..# .## #000..# ##
#0.0[.# #######


There were no monsters in sight!

Vanquished Creatures
  2 endoplasms (D:1)
  3 quokkas (D:1)
  4 bats (D:1)
  A rat (D:1)
10 creatures vanquished.

Notes
Turn   | Place    | Note
-------+----------+-------------------------------------------
     0 | D:1      | qw the Spriggan Hunter began the quest for the Orb.
     0 | D:1      | Reached XP level 1. HP: 10/10 MP: 2/2
     0 | D:1      | 0 ||| qw: Version: 0.3-a-155-g5e7d8dd
     0 | D:1      | 0 ||| qw: Game counter: 120
     0 | D:1      | 0 ||| qw: Melee chars always use a shield: true
     0 | D:1      | 0 ||| qw: God list: Okawaru
     0 | D:1      | 0 ||| qw: Allow faded altars: false
     0 | D:1      | 0 ||| qw: Do Orc after clearing Dungeon:15 true
     0 | D:1      | 0 ||| qw: Do second Lair branch before Depths: true
     0 | D:1      | 0 ||| qw: Lair rune preference: random
     0 | D:1      | 0 ||| qw: Goals: Normal
     0 | D:1      | 0 ||| PLANNING D:1-11
    81 | D:1      | Reached skill level 3 in Dodging
   229 | D:1      | Reached XP level 2. HP: 14/14 MP: 3/3
   387 | D:1      | 387 ||| READING scroll labelled OSYORE AM TAJ.
   388 | D:1      | 388 ||| READING 2 scrolls labelled XEPLOM JUIW.
   388 | D:1      | 388 ||| IDENTIFYING purple potion
   389 | D:1      | 389 ||| READING scroll of identify.
   389 | D:1      | 389 ||| IDENTIFYING 2 yellow potions
   390 | D:1      | 390 ||| DROPPING scroll of butterflies.
   391 | D:1      | 391 ||| DROPPING potion of ambrosia.
   393 | D:1      | 393 ||| Stepping ~*~*~tactically~*~*~ (cloud).
   394 | D:1      | 394 ||| DRINKING 2 potions of curing.
   394 | D:1      | 394 ||| (to cure poison)
   396 | D:1      | 396 ||| Stepping ~*~*~tactically~*~*~ (cloud).
   397 | D:1      | 397 ||| DRINKING potion of curing.
   397 | D:1      | 397 ||| (to cure poison)
   399 | D:1      | 399 ||| Stepping ~*~*~tactically~*~*~ (cloud).
   399 | D:1      | HP: 3/14 [poisoned by you (poison gas)]
   400 | D:1      | Succumbed to their own poison gas

Levels and vault maps discovered:
D:1:      wander_arrival_estate, layout_rooms

Skill      XL: |  1 |
---------------+----+-----
Dodging        | 3 |  3.9
Fighting       | |  1.5
Ranged Weapons | |  4.0
Stealth        | |  1.5

Action                     || total
---------------------------++-------
   Fire: Shortbow          ||    27
    Use: Scroll            ||     3
         Potion            ||     2
 Armour: Robe              ||     7
  Dodge: Dodged            ||     4

Table legend:
 A = Non-vault XP
 B = Vault XP
 C = Vault XP percentage of total XP
 D = Non-vault monster count
 E = Vault monster count
 F = Vault count percentage of total count
                 A         B        C        D         E       F
            +---------+---------+-------+---------+---------+-------
      Total |      16 |       0 |   0.0 |      10 |       0 |   0.0
            +---------+---------+-------+---------+---------+-------
        D:1 |      16 |       0 |   0.0 |      10 |       0 |   0.0
            +---------+---------+-------+---------+---------+-------
